 Dungeon Crawl Stone Soup version 0.28.0-53-g5a82cb258f (webtiles) character file.

Game seed: 17326878325444881488

2294 SanguineChosen the Covered (level 9, -4/55 HPs)
             Began as a Gargoyle Fighter on July 8, 2022.
             Slain by a hornet zombie (9 damage)
             ... on level 7 of the Dungeon.
             The game lasted 00:27:23 (9257 turns).

SanguineChosen the Covered (Gargoyle Fighter)       Turns: 9257, Time: 00:27:24

Health: -4/55      AC: 17    Str: 24    XL:     9   Next: 40%
Magic:  9/9        EV: 10    Int:  9    God:
Gold:   260        SH:  4    Dex:  9    Spells: 8/8 levels left

rFire   . . .      SeeInvis .   B - +3 mace
rCold   . . .      Faith    .   c - +0 buckler
rNeg    + . .      Spirit   .   b - +0 scale mail
rPois   ∞          Reflect  .   (no helmet)
rElec   +          Harm     .   x - +2 cloak
rCorr   .          Rampage  .   (no gloves)
Will    .....                   (no boots)
Stlth   ..........              (no amulet)
HPRegen 0.18/turn               (no ring)
MPRegen 0.11/turn               (no ring)

@: about to teleport
A: sickness immunity, AC +6, negative energy resistance 1, electricity
resistance, torment resistance 1, petrification resistance
a: no special abilities


You were on level 7 of the Dungeon.
You visited 1 branch of the dungeon, and saw 7 of its levels.

You collected 260 gold pieces.

Inventory:

Hand Weapons
 q - a +2 dagger of venom
 u - a +1 hand axe of flaming
 w - a +2 vorpal hand axe
 A - a +5 long sword of freezing
 B - a +3 mace (weapon)
Missiles
 y - 12 poisoned darts (quivered)
Armour
 b - a +0 scale mail (worn)
 c - a +0 buckler (worn)
 x - a +2 cloak (worn)
Jewellery
 m - an amulet of faith
 C - a ring of ice
Wands
 l - a wand of iceblast (6)
Scrolls
 e - a scroll of enchant armour
 f - a scroll of blinking {unknown}
 i - a scroll of amnesia {unknown}
 j - 2 scrolls of teleportation
 o - a scroll of magic mapping {unknown}
 z - a scroll of vulnerability {unknown}
Potions
 a - 2 potions of cancellation
 d - a potion of might
 g - a potion of ambrosia {unknown}
 h - a potion of invisibility
 n - 3 potions of brilliance
 r - 2 potions of lignification
 t - 3 potions of haste
 v - a potion of flight {unknown}


   Skills:
 + Level 6.1 Fighting
 + Level 5.8(6.6) Axes
 + Level 5.0(6.5) Maces & Flails
 + Level 7.0 Armour
 + Level 2.6 Dodging
 + Level 2.2 Stealth
 + Level 5.0 Shields
 + Level 0.5 Evocations


You had 8 spell levels left.
You didn't know any spells.
Your spell library contained the following spells:

 Spells                   Type           Power      Damage    Failure   Level
 Animate Skeleton         Necr           0%         N/A       75%         1
 Apportation              Tloc           0%         N/A       75%         1
 Summon Small Mammal      Summ           0%         N/A       75%         1


Dungeon Overview and Level Annotations

Branches:
Dungeon (7/15)             Temple (0/1) D:4

Altars:
Nemelex Xobeh

Shops:
D:2 [


Innate Abilities, Weirdness & Mutations

You are immune to sickness and miasma.
Your stone body is resilient. (AC +6)
You are immune to poison.
You resist negative energy. (rN+)
You are resistant to electric shocks. (rElec)
You are resistant to unholy torment.
You are immune to petrification.


Message History

There is an open door here.
Things that are here:
a +0 halberd; a +0 hand axe
There is a large open door here.
You open the large door.
There is a large open door here.
There is a large open door here.
You now have 260 gold pieces (gained 10).
A hornet zombie comes into view.
A hornet zombie is nearby!
A boulder beetle comes into view.
The boulder beetle curls into a ball and begins rolling!
You hear the quick creaking of a portcullis very nearby.
The hornet zombie misses you.
You closely miss the hornet zombie. You block the hornet zombie's attack.
The hornet zombie closely misses you.
You hit the hornet zombie.
The hornet zombie is lightly damaged.
The hornet zombie closely misses you.
You barely miss the hornet zombie.
The hornet zombie is lightly damaged.
The hornet zombie hits you but does no damage.
The hornet zombie completely misses you.
The boulder beetle hits you!!!
Ouch! That really hurt!
* * * LOW HITPOINT WARNING * * *
The boulder beetle stops rolling and uncurls.
You hear a croak.
You hear a shout! x2
As you read the scroll of teleportation, it crumbles to dust.
You feel strangely unstable.
The hornet zombie hits you but does no damage.
The boulder beetle leaps!
Aiming: Iceblast
Press: ? - help, Q - select action, (/) - cycle Shift-Dir - straight line The mass of ice explodes!
The iceblast engulfs the hornet zombie!
The hornet zombie partially resists.
The hornet zombie is moderately damaged.
You hear a shout! x3
The hornet zombie hits you!
You die...

###....# ###..
B.....##......
............. ..
........... ...
#........#
....#........#
......Z°.....#
.......@.....#
..........####
#.....###.####......
....................
#.....###.#####.........
#.... ###..####.........
#... #............###..
#... #............##...
#.................


You could see a boulder beetle and a hornet zombie.

Vanquished Creatures
  2 water moccasins (D:6)
  2 ice beasts
  A sky beast (D:6)
  3 necrophages (D:5)
  3 ogres (D:5)
  A phantom (D:6)
  A bullfrog (D:6)
  3 scorpions
  A water moccasin skeleton (D:4)
  5 wights (D:6)
  A vampire bat (D:3)
  Crazy Yiuf (D:4)
  2 bullfrog zombies (D:5)
  An orc priest (D:6)
  A hound (D:4)
  4 jellies
  A gnoll shaman (D:7)
  An orc wizard (D:6)
  5 iguanas
  A howler monkey zombie (D:6)
  3 gnolls (D:7)
  4 adders
  2 ufetubi
  2 worms
  2 dart slugs
  18 orcs
  9 endoplasms
  3 giant cockroaches
  10 hobgoblins
  9 jackals
  9 kobolds
  3 quokkas
  7 ball pythons
  11 bats
  4 frilled lizards
  9 goblins
  4 rats
149 creatures vanquished.

Vanquished Creatures (others)
  A fungus (D:4)
  5 plants (D:3)
6 creatures vanquished.

Grand Total: 155 creatures vanquished

Notes
Turn   | Place    | Note
-------+----------+-------------------------------------------
     0 | D:1      | SanguineChosen the Gargoyle Fighter began the quest for the
                  | Orb.
     0 | D:1      | Reached XP level 1. HP: 14/14 MP: 1/1
   109 | D:1      | Reached XP level 2. HP: 11/19 MP: 2/2
   737 | D:1      | Reached XP level 3. HP: 19/24 MP: 3/3
  1192 | D:2      | Found a faded altar of an unknown god.
  1868 | D:2      | Found Anogamiff's Armour Boutique.
  2337 | D:3      | Reached XP level 4. HP: 29/29 MP: 4/4
  2598 | D:3      | Reached skill level 4 in Armour
  2846 | D:3      | Reached XP level 5. HP: 18/33 MP: 5/5
  4117 | D:4      | Reached skill level 1 in Dodging
  4389 | D:4      | Reached XP level 6. HP: 22/38 MP: 6/6
  4815 | D:4      | Found a runed translucent door.
  4816 | D:4      | Noticed Crazy Yiuf
  4874 | D:4      | Found a staircase to the Ecumenical Temple.
  5322 | D:4      | Killed Crazy Yiuf
  5323 | D:4      | Reached skill level 1 in Axes
  5507 | D:5      | Entered Level 5 of the Dungeon
  5711 | D:5      | Noticed an ice beast
  5713 | D:5      | Identified the +1 robe of Lust {Harm rPois}
  5726 | D:5      | Killed an ice beast
  5727 | D:5      | Reached XP level 7. HP: 15/44 MP: 7/7
  6046 | D:5      | Reached skill level 5 in Armour
  6054 | D:5      | Reached skill level 1 in Stealth
  6084 | D:5      | Reached XP level 8. HP: 16/48 MP: 8/8
  6487 | D:5      | Reached skill level 5 in Fighting
  7198 | D:6      | Reached skill level 6 in Armour
  7517 | D:6      | Reached skill level 5 in Axes
  7811 | D:6      | Reached XP level 9. HP: 21/54 MP: 9/9
  8088 | D:6      | Reached skill level 5 in Shields
  8235 | D:6      | Found a sparkling altar of Nemelex Xobeh.
  8502 | D:6      | Reached skill level 5 in Maces & Flails
  8868 | D:7      | Reached skill level 7 in Armour
  9251 | D:7      | Noticed a boulder beetle
  9257 | D:7      | Slain by a hornet zombie

Illustrated notes

Levels and vault maps discovered:
D:1:      minmay_arrival_diagonal_passages, layout_loops_ring,
          minmay_tree_intersection, minmay_quantized
D:2:      layout_basic, serial_shops, shop,
          shapermc_ecumenical_altar_starsandcircs
D:3:      layout_basic, roderic_batcave, chequers_big_river,
          grunt_decor_fettered, minmay_misc_feat_iff
D:4:      layout_loops_cross, minmay_temple_entry_drinking_statues,
          uniq_crazy_yiuf_cottage
D:5:      layout_loops_ring, minmay_starry_boxes
D:6:      layout_loops_ring, nemelex_diamond_rough_becter,
          kennysheep_opposing_triangles
D:7:      layout_basic, enter_bailey_5, chequers_garden

Skill      XL: |  1  2  3  4  5  6  7  8  9 |
---------------+----------------------------+-----
Fighting       | 4 5 6 |  6.1
Maces & Flails | 3 4 5 |  5.0
Armour         | 4 5 6 7 |  7.0
Shields        | 4 5 |  5.0
Dodging        | 1 2 |  2.6
Axes           | 2 3 5 |  5.8
Stealth        | 1 2 |  2.2
Evocations     | |  0.5

Action                   |  1- 3 |  4- 6 |  7- 9 || total
-------------------------+-------+-------+-------++-------
Melee: Flail             |   149 |   146 |       ||   295
       Hand axe          |       |    78 |   131 ||   209
       Mace              |       |       |   124 ||   124
Throw: Dart              |       |       |     3 ||     3
Evoke: Wand              |       |       |     7 ||     7
  Use: Potion            |       |     3 |     6 ||     9
       Scroll            |       |       |    10 ||    10
Armor: Scale mail        |    70 |   221 |   134 ||   425
       Skin              |       |       |     8 ||     8
Dodge: Dodged            |    79 |   166 |   126 ||   371
Block: Buckler           |    40 |    83 |    59 ||   182
